 Dungeon Crawl Stone Soup version 0.31.0-11-ge490571c62 (webtiles) character file.

Game seed: 14431437619969354254

37 Peloso the Trooper (level 3, -2/33 HPs)
             Began as a Minotaur Fighter on Feb 7, 2024.
             Slain by an orc priest
             ... wielding a +0 club
              (4 damage)
             ... on level 2 of the Dungeon.
             The game lasted 00:01:11 (1090 turns).

Peloso the Trooper (Minotaur Fighter)               Turns: 1090, Time: 00:01:12

Health: -2/33      AC:  7    Str: 20    XL:     3   Next: 21%
Magic:  2/2        EV:  9    Int:  5    God:
Gold:   44         SH:  4    Dex: 11    Spells: 2/2 levels left

rFire   . . .        a - +0 long sword
rCold   . . .        c - +0 buckler
rNeg    . . .        b - +0 scale mail
rPois   .            (helmet restricted)
rElec   .            (no cloak)
rCorr   .            (no gloves)
SInv    .            (no boots)
Will    .....        (no amulet) Stlth
                     (no ring)
HPRegen 0.25/turn    (no ring)
MPRegen 0.08/turn

%: no passive effects
@: no status effects
A: horns 2, retaliatory headbutt
a: no special abilities


You were on level 2 of the Dungeon.
You visited 1 branch of the dungeon, and saw 2 of its levels.

You collected 44 gold pieces.

Inventory:

Hand Weapons
 a - a +0 long sword (weapon)
Armour
 b - a +0 scale mail (worn)
 c - a +0 buckler (worn)
Jewellery
 g - a ring of willpower
Potions
 d - a potion of might


   Skills:
 + Level 4.2 Fighting
 + Level 2.7 Long Blades
 + Level 4.2 Armour
 + Level 0.1 Dodging
 + Level 4.1 Shields


You had 2 spell levels left.
You didn't know any spells.
Your spell library was empty.

Dungeon Overview and Level Annotations

Branches:
Dungeon (2/15)

Altars:


Innate Abilities, Weirdness & Mutations

You have a pair of horns on your head.
You reflexively headbutt those who attack you in melee.


Message History

You slash the orc!
You kill the orc!
The orc hits you from afar with a +0 trident.
The orc misses you.
You hit the orc. Your headbutt misses the orc.
The orc is severely wounded.
The orc hits you from afar with a +0 trident!
The orc hits you but does no damage.
You barely miss the orc.
The orc is severely wounded.
The orc hits you from afar with a +0 trident.
The orc hits you with a +0 falchion.
You hit the orc but do no damage. You headbutt the orc.
You kill the orc!
The orc barely misses you. You block the orc's attack.
The orc hits you but does no damage.
You slash the orc!
You kill the orc!
The orc hits you from afar with a +0 trident!
* * * LOW HITPOINT WARNING * * *
An orc priest comes into view. It is wielding a +0 club.
The orc priest shouts!
The orc closely misses you.
Things that are here:
a +1 dagger of pain; a +0 falchion; a +0 hand axe The orc hits you with a +0 trident.
* * * LOW HITPOINT WARNING * * *
Okay, then.
You hit the orc.
The orc is moderately wounded.
You block the orc's attack.
Unknown command.
You hit the orc.
You kill the orc!
The orc priest looks encouraged for a moment.
Unknown command.
You slash the orc priest! Your headbutt misses the orc priest.
The orc priest is heavily wounded.
The orc priest hits you with a +0 club.
You die...

#.........####...#####
+.........+......)....
#........)####...#####
##.......## ##..#
##.....## ##.# ##...##
#.# ##'## #.#
######)## #.#
#....o@)# #.#
#.####..# #.# ...#
..... #....## ......
####..# ...#


You could see an orc priest.

Vanquished Creatures
  4 orcs (D:2)
  7 ball pythons (D:1)
  4 endoplasms (D:1)
  3 hobgoblins (D:1)
  3 quokkas
  5 bats (D:1)
  2 kobolds (D:1)
28 creatures vanquished.

Notes
Turn   | Place    | Note
-------+----------+-------------------------------------------
     0 | D:1      | Peloso the Minotaur Fighter began the quest for the Orb.
     0 | D:1      | Reached XP level 1. HP: 19/19 MP: 0/0
    65 | D:1      | Reached XP level 2. HP: 21/27 MP: 1/1
   893 | D:2      | Reached XP level 3. HP: 33/33 MP: 2/2
   987 | D:2      | Found a faded altar of an unknown god.
  1087 | D:2      | HP: 1/33 [orc/+0 trident (6)]
  1090 | D:2      | Slain by an orc priest

Illustrated notes

Levels and vault maps discovered:
D:1:      roderic_octagonal_star, layout_basic
D:2:      layout_loops_corners, shapermc_ecumenical_altar_ellora, serial_shops,
          shop

Skill      XL: |  1  2 |
---------------+-------+-----
Shields        | 4 |  4.1
Fighting       | 4 |  4.2
Armour         | 4 |  4.2
Long Blades    | |  2.7
Dodging        | |  0.1

Action                     || total
---------------------------++-------
  Melee: Long sword        ||    66
         Headbutt          ||     4
    Use: Potion            ||     2
         Scroll            ||     1
 Armour: Scale mail        ||    58
  Dodge: Dodged            ||    31
  Block: Buckler           ||    21
